 Dungeon Sprint DCSS version 0.17-a0-1718-g72dbe4d (webtiles) character file.

4 patman the Chopper (level 1, 17/18 HPs)
             Began as a Minotaur Gladiator on Aug 26, 2015.
             Quit the game in the Dungeon (Sprint VII: "The Pits").
             The game lasted 00:00:45 (26 turns).

patman the Chopper (Minotaur Gladiator)               Turns: 26, Time: 00:00:45

Health: 17/18      AC:  3    Str: 19    XL:     1   Next: 50%
Magic:  0/0        EV: 12    Int:  5    God:
Gold:   0          SH:  0    Dex: 10    Spells: 0 memorised, 0 levels left

rFire  . . .     SeeInvis .     a - +0 war axe
rCold  . . .     Clarity  .     b - +0 leather armour
rNeg   . . .     SustAt   .     (no shield)
rPois  .         Gourm    .     c - +0 hat
rElec  .         Spirit   .     (no cloak)
rCorr  .         Warding  .     (no gloves)
rMut   .         NoTele   +     (no boots)
MR     .....                    (no amulet)
Stlth  +.........               (no ring)
                                (no ring)

@: not resistant to hostile enchantments, very unstealthy
A: retaliatory headbutt, horns 2
a: no special abilities


You were in the Dungeon.
You were not hungry.

You visited 1 branch

Inventory:

Hand weapons
 a - a +0 war axe (weapon)
Missiles
 d - 3 throwing nets (quivered)
Armour
 b - a +0 leather armour (worn)
 c - a +0 hat (worn)
Scrolls
 k - a scroll of blinking
Potions
 f - a potion of curing
 g - a potion of heal wounds
 h - a potion of haste
 i - 2 potions of magic
 j - a potion of berserk rage
Comestibles
 e - a bread ration


   Skills:
 - Level 2.4 Fighting
 + Level 5.1 Axes
 - Level 2.0 Throwing
 + Level 0.8 Armour
 - Level 3.2 Dodging


You couldn't memorise any spells.
You didn't know any spells.

Dungeon Overview and Level Annotations

Branches:
Dungeon (1/1)

Altars:
Ashenzari
Cheibriados
Dithmenos
Elyvilon
Fedhas
Kikubaaqudgha
Makhleb
Nemelex Xobeh
Okawaru
Ru
Sif Muna
Trog
Vehumet
Xom
Yredelemnul
Zin
The Shining One
Beogh
Jiyva
Lugonu


Innate Abilities, Weirdness & Mutations

You reflexively headbutt those who attack you in melee.
You have a pair of horns on your head.


Message History

You slash the adder zombie! The adder zombie misses you.
You furiously retaliate!
You headbutt the adder zombie. You slash the adder zombie!
You destroy the adder zombie!
Your Axes skill gained 2 levels and is now at level 5!
No target in view!
No target in view!
As you open the door, it creaks loudly!
There is an open door here.
You open the door.
Found four items.
You open the door.
Found eight altars.
You open the door.
Found six items.
Found twelve altars.
There is an open door to the Temple (Safe) here.
There is an open door here.
You see here a +2 hand axe.
Are you sure you want to abandon this character and quit the game? (Confirm with "yes".)

############
#__________#
#__________#
#####'##############
#))@'.'%!##.........
#)))#.#?(##......#..
######'#####.........
#...........'.........
#+#####+#####......#..
#......... ####'#####
#.......# #.......#


There were no monsters in sight!

Vanquished Creatures
  An adder zombie (D)
1 creature vanquished.

Notes
Turn   | Place    | Note
--------------------------------------------------------------
     0 | D        | patman the Minotaur Gladiator began the quest for the Orb.
     0 | D        | Reached XP level 1. HP: 18/18 MP: 0/0
    11 | D        | Reached skill level 5 in Axes
    21 | D        | Found a sacrificial altar of Ru.
    21 | D        | Found a basalt altar of Yredelemnul.
    21 | D        | Found a shadowy altar of Dithmenos.
    21 | D        | Found a deep blue altar of Sif Muna.
    21 | D        | Found a burning altar of Makhleb.
    21 | D        | Found a shimmering altar of Xom.
    21 | D        | Found an ancient bone altar of Kikubaaqudgha.
    21 | D        | Found a sparkling altar of Nemelex Xobeh.
    23 | D        | Found a glowing golden altar of the Shining One.
    23 | D        | Found a bloodstained altar of Trog.
    23 | D        | Found a shattered altar of Ashenzari.
    23 | D        | Found a white marble altar of Elyvilon.
    23 | D        | Found a snail-covered altar of Cheibriados.
    23 | D        | Found a blossoming altar of Fedhas.
    23 | D        | Found a radiant altar of Vehumet.
    23 | D        | Found a glowing silver altar of Zin.
    23 | D        | Found a corrupted altar of Lugonu.
    23 | D        | Found a viscous altar of Jiyva.
    23 | D        | Found a roughly hewn altar of Beogh.
    23 | D        | Found an iron altar of Okawaru.
    26 | D        | Quit the game

Vault maps used:
D:        pitsprint

Action                   || total
-------------------------++-------
Melee: War axe           ||     2
